 Dungeon Crawl Stone Soup version 0.31-a0-222-gefeffbb62a (webtiles) character file.

Game seed: 11417056422522109897

59 qw the Chopper (level 4, -2/28 HPs)
             Began as a Gargoyle Fighter on July 5, 2023.
             Slain by a cerulean imp
             ... wielding a +0 spear
             ... summoned by Natasha
              (3 damage)
             ... on level 2 of the Dungeon.
             The game lasted 00:00:36 (949 turns).

qw the Chopper (Gargoyle Fighter)                    Turns: 949, Time: 00:00:37

Health: -2/28      AC: 10    Str: 22    XL:     4   Next: 3%
Magic:  4/4        EV:  9    Int:  8    God:
Gold:   47         SH:  4    Dex:  9    Spells: 3/3 levels left

rFire   . . .        Y - +0 war axe
rCold   . . .        c - +0 buckler
rNeg    + . .        b - +0 scale mail
rPois   inf          (no helmet)
rElec   +            (no cloak)
rCorr   .            (no gloves)
SInv    .            (no boots)
Will    .....        (no amulet) Stlth
                     (no ring)
HPRegen 0.24/turn    (no ring)
MPRegen 0.09/turn

%: no passive effects
@: about to teleport
A: sickness immunity, AC +3, negative energy resistance 1, electricity
resistance, torment resistance 1, petrification resistance
a: no special abilities


You were on level 2 of the Dungeon.
You visited 1 branch of the dungeon, and saw 2 of its levels.

You collected 47 gold pieces.


Innate Abilities, Weirdness & Mutations

You are immune to sickness and miasma.
Your stone body is resilient. (AC +3)
You are immune to poison.
You resist negative energy. (rN+)
You are resistant to electric shocks. (rElec)
You are resistant to unholy torment.
You are immune to petrification.


   Skills:
 - Level 3.2 Fighting
 + Level 3.8 Axes
 - Level 3.2 Armour
 - Level 3.2 Shields


You had 3 spell levels left.
You didn't know any spells.
Your spell library was empty.

Inventory:

Hand Weapons
 f - a +0 club
 Y - a +0 war axe (weapon)
Armour
 b - a +0 scale mail (worn)
 c - a +0 buckler (worn)
Scrolls
 a - a scroll of teleportation
 e - a scroll of identify
Potions
 d - a potion of might
 g - a potion of curing {unknown}

Dungeon Overview and Level Annotations

Branches:
Dungeon (2/15)

Altars:

Shops:
D:1 ?

Annotations:
D:2 Natasha


Message History

The cerulean imp hits you but does no damage.
Natasha claws you.
You slash Natasha!
Natasha is severely wounded.
You miss the frilled lizard.
The frilled lizard unfolds its giant frill.
The frilled lizard barely misses you.
The cerulean imp hits you but does no damage.
Natasha casts a spell at you. You resist with some effort.
The frilled lizard bites you but does no damage.
The cerulean imp closely misses you. Natasha claws you.
You hit Natasha but do no damage.
Natasha is severely wounded.
You closely miss the frilled lizard. The frilled lizard bites you.
The cerulean imp hits you but does no damage.
Natasha claws you but does no damage.
The frilled lizard bites you but does no damage.
The cerulean imp hits you but does no damage.
You block Natasha's attack.
You hit Natasha.
Natasha is almost dead.
You barely miss the frilled lizard. The frilled lizard barely misses you.
The cerulean imp hits you but does no damage.
Natasha barely misses you. The frilled lizard closely misses you.
The cerulean imp hits you from afar with a +0 spear.
Natasha stares at you and mumbles some strange words.
The magic dart hits you!
949 ||| READING 2 scrolls of teleportation.
As you read the scroll of teleportation, it crumbles to dust.
You feel strangely unstable.
You feel yourself speed up.
The frilled lizard bites you but does no damage.
The cerulean imp hits you from afar with a +0 spear.
Natasha casts a spell.
The frilled lizard bites you but does no damage.
The cerulean imp hits you from afar with a +0 spear.
You die...

#.....#.##)#.#
#.#.......:..#
#.##..#.##.###
#.......##.#
###........#
#...###### #...#
#...# #@..#
######hl.####.#
.......5.(.......
.....5....[......
.................
#####.#...#.##...
#.#...#.# ..
#.......# #
#.....#.#


You could see Natasha, 2 cerulean imps and a frilled lizard.

Vanquished Creatures
  Natasha (D:2)
  2 dart slugs (D:1)
  A ball python (D:1)
  An endoplasm (D:1)
  3 goblins
  4 hobgoblins
  2 jackals (D:1)
  3 kobolds (D:1)
  A quokka (D:1)
  3 bats (D:1)
  4 frilled lizards (D:1)
  6 rats
31 creatures vanquished.

Notes
Turn   | Place    | Note
-------+----------+-------------------------------------------
     0 | D:1      | qw the Gargoyle Fighter began the quest for the Orb.
     0 | D:1      | Reached XP level 1. HP: 14/14 MP: 1/1
     0 | D:1      | 0 ||| qw: Version: 0.3-a-46-gb1f654a
     0 | D:1      | 0 ||| qw: Game counter: 1000
     0 | D:1      | 0 ||| qw: Melee chars always use a shield: true
     0 | D:1      | 0 ||| qw: God list: Okawaru
     0 | D:1      | 0 ||| qw: Allow faded altars: false
     0 | D:1      | 0 ||| qw: Do Orc after clearing Dungeon:15 true
     0 | D:1      | 0 ||| qw: Do second Lair branch before Depths: true
     0 | D:1      | 0 ||| qw: Lair rune preference: random
     0 | D:1      | 0 ||| qw: Goals: Normal, Zot:1-4, Slime:5, God:TSO, Crypt,
                  | Tomb, Abyss, Pan, Hells, Win
     0 | D:1      | 0 ||| PLANNING D:1-11
   159 | D:1      | 159 ||| Stepping ~*~*~tactically~*~*~ (hiding).
   176 | D:1      | Reached XP level 2. HP: 16/19 MP: 2/2
   213 | D:1      | 213 ||| Stepping ~*~*~tactically~*~*~ (hiding).
   215 | D:1      | 215 ||| Stepping ~*~*~tactically~*~*~ (hiding).
   436 | D:1      | Reached skill level 3 in Axes
   450 | D:1      | Found a faded altar of an unknown god.
   515 | D:1      | 515 ||| Stepping ~*~*~tactically~*~*~ (hiding).
   625 | D:1      | Found Otremm's Magic Scroll Shoppe.
   628 | D:1      | 628 ||| SHOPLISTING scroll of enchant weapon (82 gold, have
                  | 20).
   628 | D:1      | 628 ||| SHOPLISTING scroll of identify (22 gold, have 20).
   628 | D:1      | 628 ||| SHOPLISTING scroll of teleportation (33 gold, have
                  | 20).
   657 | D:1      | Reached XP level 3. HP: 23/23 MP: 3/3
   818 | D:1      | 818 ||| READING scroll labelled NECSAF AKUXOMN.
   819 | D:1      | 819 ||| READING scroll labelled UNWIVO BYREO.
   820 | D:1      | 820 ||| READING scroll labelled GIUPRO YNUCABB.
   821 | D:1      | 821 ||| READING scroll labelled UCOMY SEKODY.
   843 | D:2      | Noticed Natasha
   852 | D:2      | Killed Natasha
   918 | D:2      | Reached XP level 4. HP: 28/28 MP: 4/4
   935 | D:2      | Noticed Natasha
   937 | D:2      | 937 ||| FLEEEEING.
   938 | D:2      | 938 ||| FLEEEEING.
   939 | D:2      | 939 ||| FLEEEEING.
   940 | D:2      | 940 ||| FLEEEEING.
   948 | D:2      | HP: 3/28 [Natasha/magic dart (7)]
   949 | D:2      | 949 ||| READING 2 scrolls of teleportation.
   949 | D:2      | HP: 1/28 [cerulean imp/+0 spear[Natasha] (2)]
   949 | D:2      | Slain by a cerulean imp

Levels and vault maps discovered:
D:1:      dpeg_arrival_ratfight, layout_rooms,
          shapermc_ecumenical_altar_mp_highgroup, serial_shops,
          nicolae_shop_rolled_up, minmay_misc_feat_diagonals, glass_columns_a
D:2:      layout_loops_cross, uniq_natasha

Skill      XL: |  1  2 |
---------------+-------+-----
Axes           | 2 3 |  3.8
Fighting       | |  3.2
Armour         | |  3.2
Shields        | |  3.2

Action                     |  1- 3 |  4- 6 || total
---------------------------+-------+-------++-------
  Melee: War axe           |    94 |     6 ||   100
    Use: Scroll            |     4 |     1 ||     5
 Armour: Scale mail        |    47 |    13 ||    60
  Dodge: Dodged            |    37 |     7 ||    44
  Block: Buckler           |    16 |     3 ||    19

Table legend:
 A = Non-vault XP
 B = Vault XP
 C = Vault XP percentage of total XP
 D = Non-vault monster count
 E = Vault monster count
 F = Vault count percentage of total count
                 A         B        C        D         E       F
            +---------+---------+-------+---------+---------+-------
      Total |      45 |      40 |  47.1 |      25 |       6 |  19.4
            +---------+---------+-------+---------+---------+-------
        D:1 |      38 |       5 |  11.6 |      21 |       5 |  19.2
        D:2 |       7 |      35 |  83.3 |       4 |       1 |  20.0
            +---------+---------+-------+---------+---------+-------
